 Dungeon Crawl Stone Soup version 0.27-a0-906-g0a00ce863d (webtiles) character file.

Game seed: 9161730461498095700

16 tilp the Sneak (level 2, -1/16 HPs)
             Began as a Vine Stalker Brigand on Apr 6, 2021.
             Shot with a stone by a goblin (3 damage)
             ... on level 2 of the Dungeon.
             The game lasted 00:02:38 (1153 turns).

tilp the Sneak (Vine Stalker Brigand)               Turns: 1153, Time: 00:02:38

Health: -1/16      AC:  3    Str: 13    XL:     2   Next: 54%
Magic:  0/3        EV: 11    Int: 11    God:
Gold:   51         SH:  0    Dex: 15    Spells: 1/1 levels left

rFire    . . .     SeeInvis .   a - +2 dagger
rCold    . . .     Faith    .   (no shield)
rNeg     . . .     Spirit   +   b - +0 robe
rPois    .         Reflect  .   (no helmet)
rElec    .         Harm     .   c - +0 cloak
rCorr    .         Rampage  .   (no gloves)
Will     .....                  (no boots)
Stlth    +++.......             (no amulet)
HPRegen  0.05/turn              (no ring)
MPRegen  0.08/turn              (no ring)

@: no status effects
A: fangs 2, magic shield, antimagic bite, no potion heal 2
a: no special abilities


You were on level 2 of the Dungeon.
You visited 1 branch of the dungeon, and saw 2 of its levels.

You collected 51 gold pieces.

Inventory:

Hand Weapons
 a - a +2 dagger (weapon)
Missiles
 d - 16 poisoned darts (quivered)
 e - 2 curare-tipped darts
Armour
 b - a +0 robe (worn)
 c - a +0 cloak (worn)
Scrolls
 g - a scroll of holy word {unknown}
Potions
 f - a potion of curing {unknown}
 h - a potion of degeneration {unknown}
 i - a potion of ambrosia {unknown}


   Skills:
 + Level 2.3 Fighting
 + Level 2.3 Short Blades
 - Level 1.7 Throwing
 - Level 0.7 Dodging
 - Level 4.8 Stealth


You had one spell level left.
You didn't know any spells.
Your spell library contained the following spells:

 Spells                   Type           Power      Damage    Failure   Level
 Confusing Touch          Hex            0%         N/A       71%         3
 Gell's Gravitas          Tloc           0%         N/A       71%         3
 Petrify                  Tmut/Erth      0%         N/A       98%         4
 Metabolic Englaciation   Hex/Ice        0%         N/A       100%        5
 Yara's Violent Unravell  Hex/Tmut       0%         3d3       100%        5


Dungeon Overview and Level Annotations

Branches:
Dungeon (2/15)

Altars:


Innate Abilities, Weirdness & Mutations

You have extremely sharp teeth.
When hurt, damage is shared between your health and your magic reserves.
Your bite disrupts and absorbs the magic of your enemies.
Potions cannot restore your health.


Message History

You climb upwards.
There is a stone staircase leading down here.
Magic restored.
You climb downwards.
The goblin shoots a stone.
The stone barely misses you.
The goblin shoots a stone.
The stone barely misses you.
There is a stone staircase leading up here.
Unknown command.
The goblin shoots a stone.
The stone barely misses you.
You climb upwards.
There is a stone staircase leading down here.
Unknown command.
You start resting.
HP restored.
You climb downwards.
The goblin shoots a stone.
The stone hits you.
There is a stone staircase leading up here.
Unknown command.
You throw a poisoned dart. The poisoned dart hits the goblin.
The goblin is poisoned.
The goblin shoots a stone.
The stone hits you.
You are too injured to fight recklessly!
You are too injured to fight recklessly!
Unknown command.
The goblin shoots a stone.
The stone hits you.
* * * LOW HITPOINT WARNING * * *
Unknown command.
Unknown command.
Throw: 18 darts (poison)
Press: ? - help, Q - select action, (/) - cycle Shift-Dir - straight line, f/p - goblin
Aim: a goblin, wielding a +0 hunting sling and quivering stones (poisoned, 51% to hit)
You throw a poisoned dart.
The poisoned dart closely misses the goblin.
The goblin shoots a stone.
The stone hits you.
* * * LOW HITPOINT WARNING * * *
Throw: 17 darts (poison)
Press: ? - help, Q - select action, (/) - cycle Shift-Dir - straight line, f/p - goblin
Aim: a goblin, wielding a +0 hunting sling and quivering stones (moderately wounded, poisoned, 51% to hit)
You throw a poisoned dart. The poisoned dart hits the goblin.
The goblin looks even sicker.
The goblin is moderately wounded.
The goblin shoots a stone.
The stone hits you.
You die...

###..####.###
#######.####.##.
...>.##...#..#..
......###.#....# #
#............ #.
####.........
#.###########.........
#..........g..........
#..@.#..............
#.<....####.........
#...................
#....######.......#.
###### #....####
#....# #....# ######


You could see a goblin (very poisoned).

Vanquished Creatures
  An endoplasm (D:1)
  A giant cockroach (D:1)
  2 hobgoblins (D:1)
  3 ball pythons (D:1)
  2 bats
  A frilled lizard (D:1)
  A goblin (D:1)
  2 kobolds (D:1)
  4 rats (D:1)
17 creatures vanquished.

Notes
Turn   | Place    | Note
-------+----------+-------------------------------------------
     0 | D:1      | tilp the Vine Stalker Brigand began the quest for the Orb.
     0 | D:1      | Reached XP level 1. HP: 11/11 MP: 2/2
   364 | D:1      | Reached XP level 2. HP: 14/15 MP: 3/3
  1153 | D:2      | Shot with a stone by a goblin

Illustrated notes

Levels and vault maps discovered:
D:1:      kilobyte_arrival_exit_the_forest, layout_basic
D:2:      layout_rooms

Skill      XL: |  1 |
---------------+----+-----
Fighting       | 2 |  2.3
Short Blades   | 2 |  2.3
Throwing       | |  1.7
Dodging        | |  0.7
Stealth        | |  4.8

Action                   || total
-------------------------++-------
Melee: Dagger            ||    38
       Bite              ||     7
Throw: Dart              ||     5
 Stab: Sleeping          ||     2
       Distracted        ||     1
Armor: Robe              ||    13
Dodge: Dodged            ||    24

Table legend: (Time is in decaauts)
 A = Elapsed time spent in this place.
 B = Non-inter-level travel time spent in this place.
 C = Inter-level travel time spent in this place.
 D = Time resting spent in this place.
 E = Time spent auto-exploring this place.
 F = Levels seen in this place.
 G = Mean time per level.
                   A        B        C        D        E       F      G
               +--------+--------+--------+--------+--------+-----+--------+
         Total |   1157 |   1129 |     28 |    152 |    837 |   2 |  578.5 |
       Dungeon |   1157 |   1129 |     28 |    152 |    837 |   2 |  578.5 |
               +--------+--------+--------+--------+--------+-----+--------+

Top non-repeatable levels by time:
     D:1: 1099 daAuts
     D:2: 58 daAuts
